 Dungeon Crawl Stone Soup version 0.19-a0-683-g5f2401d (webtiles) character file.

2559 Gruud the Archer (level 9, -4/54 HPs)
             Began as a High Elf Hunter on June 8, 2016.
             Was a Believer of the Shining One.
             Shot with a bolt by an orc warrior (20 damage)
             ... in a bailey on June 17, 2016.
             The game lasted 00:33:55 (7551 turns).

Gruud the Archer (High Elf Hunter)                  Turns: 7551, Time: 00:33:56

Health: -4/54      AC:  7    Str: 11    XL:     9   Next: 31%
Magic:  10/10      EV: 12    Int: 15    God:    the Shining One [**....]
Gold:   231        SH:  0    Dex: 20    Spells: 0 memorised, 8 levels left

rFire  . . .     SeeInvis .     a - +2 shortbow
rCold  + . .     Gourm    .     c - +0 leather armour
rNeg   + . .     Faith    .     (shield currently unavailable)
rPois  +         Spirit   .     j - +1 helmet
rElec  .         Dismiss  .     q - +1 cloak {MR+}
rCorr  .         Reflect  .     (no gloves)
SustAt .         Harm     .     (no boots)
MR     +....                    (no amulet)
Stlth  +.........               t - ring of protection from cold
                                e - ring of poison resistance

@: glowing, somewhat resistant to hostile enchantments, very unstealthy
A: no striking features
a: Divine Shield, Renounce Religion


You were in a bailey.
You worshipped the Shining One.
The Shining One was pleased with you.
You were not hungry.

You visited 2 branches of the dungeon, and saw 8 of its levels.
You also visited: Sewer and Bailey.

You collected 259 gold pieces.
You spent 28 gold pieces at shops.

Inventory:

Hand Weapons
 a - a +2 shortbow (weapon)
 b - a +0 scimitar
Missiles
 d - 57 arrows (quivered)
Armour
 c - a +0 leather armour (worn)
 j - a +1 helmet (worn)
 k - a +0 chain mail
 q - a +1 cloak of magic resistance (worn)
Jewellery
 e - a ring of poison resistance (left hand)
 t - a ring of protection from cold (right hand)
Wands
 u - a wand of iceblast (4/15)
 F - a wand of disintegration (13/24)
Scrolls
 g - a scroll of teleportation {unknown}
 l - a scroll of immolation
 r - a scroll of fog {unknown}
 x - a scroll of enchant weapon
 y - 7 scrolls of remove curse
 z - a scroll of blinking
 B - a scroll of noise {unknown}
 E - a scroll of enchant armour {unknown}
Potions
 i - a potion of degeneration
 n - 5 potions of curing
 p - a potion of mutation {unknown}
 s - 4 potions of might
 w - a potion of brilliance {unknown}
 A - 2 potions of flight
Comestibles
 f - 7 bread rations
 h - 2 beef jerkies
 m - a royal jelly
 o - 3 meat rations
 D - 2 slices of pizza


   Skills:
 - Level 2.0 Fighting
 * Level 8.4 Long Blades
 + Level 11.8 Bows
 + Level 7.3 Dodging
 - Level 1.1 Stealth


You had 8 spell levels left.
You didn't know any spells.

Dungeon Overview and Level Annotations

Branches:
Dungeon (7/15)             Temple (1/1) D:5

Altars:
Ashenzari
Cheibriados
Dithmenos
Fedhas
Gozag
Hepliaklqana
Kikubaaqudgha
Makhleb
Okawaru
Pakellas
Qazlal
Ru
Trog
Uskayaw
Vehumet
Xom
Yredelemnul
Zin
The Shining One

Shops:
D:4 *


Message History

The orc warrior shoots a bolt.
The bolt misses you.
You see here a bolt.
The orc warrior shoots a bolt.
The bolt hits you.
* * * LOW HITPOINT WARNING * * *
You see here a bolt.
An orc comes into view. It is wielding an arbalest.
The orc warrior shoots a bolt.
The bolt barely misses you.
You see here a bolt.
The orc shoots a bolt.
The bolt barely misses you.
The orc warrior shoots a bolt.
The bolt closely misses you.
You see here 2 bolts.
Okay, then.
Drop what? 30/52 slots (_ for help) (? for menu, Esc to quit)
Okay, then.
Okay, then.
The orc shoots a bolt.
The bolt misses you.
You see here a bolt.
There is a gate leading back out of this place here.
The orc warrior shoots a bolt.
The bolt hits you!!
You die...

....≈##.##≈......#
....≈≈#(#≈≈...oo.#
..(..≈≈≈≈≈.....(.#
.................#
.................#
.................#
.................#
.................#
................@#
##################


You could see 2 orc warriors.

Vanquished Creatures
  Prince Ribbit (D:7)
  A hungry ghost (D:7)
  Eustachio (D:4)
  Menkaure (D:6)
  An orc warrior (Bailey)
  Purgy (Sewer)
  An ice beast (D:5)
  A sky beast (D:6)
  3 ogres
  2 centaurs
  5 wights (D:6)
  4 killer bees (D:7)
  A howler monkey (D:5)
  3 crimson imps
  A giant frog zombie (D:6)
  A jelly (D:6)
  A centaur zombie (D:6)
  An orc priest (D:6)
  Crazy Yiuf (D:7)
  A hound (D:6)
  An orc wizard (D:7)
  A gnoll shaman (D:5)
  An iguana (D:6)
  4 worker ants
  A hound skeleton (D:6)
  A howler monkey zombie (D:6)
  Robin (D:3)
  7 gnolls
  8 adders
  A shadow imp (D:7)
  2 oozes
  An adder skeleton (D:6)
  2 adder zombies
  2 worms
  A dart slug (D:3)
  9 giant geckos
  14 orcs
  4 ball pythons (Sewer)
  3 giant cockroaches
  12 goblins
  8 hobgoblins
  9 jackals
  8 kobolds
  A quokka (D:3)
  7 bats
  A giant gecko skeleton (D:6)
  7 giant newts
  5 rats
154 creatures vanquished.

Notes
Turn   | Place    | Note
--------------------------------------------------------------
     0 | D:1      | Gruud the High Elf Hunter began the quest for the Orb.
     0 | D:1      | Reached XP level 1. HP: 14/14 MP: 2/2
    81 | D:1      | Reached XP level 2. HP: 19/19 MP: 3/3
   125 | D:1      | Reached skill level 6 in Bows
   662 | D:3      | Reached XP level 3. HP: 10/24 MP: 4/4
   676 | D:3      | HP: 1/24 [poisoned by an adder]
  1278 | D:2      | Reached skill level 7 in Bows
  1724 | D:2      | Reached XP level 4. HP: 29/29 MP: 5/5
  2273 | D:3      | Found a snail-covered altar of Cheibriados.
  2637 | D:4      | Found a glowing drain.
  2736 | Sewer    | Entered a sewer
  2770 | Sewer    | Noticed Purgy
  2802 | Sewer    | HP: 2/43 [ball python (1)]
  2813 | Sewer    | Killed Purgy
  2813 | Sewer    | Reached skill level 8 in Bows
  2813 | Sewer    | Reached XP level 5. HP: 13/34 MP: 6/6
  3214 | D:4      | Noticed Robin
  3215 | D:4      | Noticed an ogre
  3255 | D:3      | Killed Robin
  3686 | D:4      | Killed an ogre
  3686 | D:4      | Reached skill level 9 in Bows
  3686 | D:4      | Reached XP level 6. HP: 39/39 MP: 7/7
  3712 | D:4      | Found a hide-covered altar of Uskayaw.
  3735 | D:4      | Upgraded the game from 0.19-a0-559-ga3d69d0 to 0.19-a0-659-g8260ecf
  3763 | D:4      | Found Qelus's General Store.
  3766 | D:4      | Bought a cursed -2 ring of dexterity for 28 gold pieces
  3801 | D:4      | Noticed Eustachio
  3812 | D:4      | Killed Eustachio
  3849 | D:3      | Found a glowing silver altar of Zin.
  3849 | D:3      | Found a radiant altar of Vehumet.
  3956 | D:5      | Entered Level 5 of the Dungeon
  4042 | D:5      | Reached XP level 7. HP: 45/45 MP: 8/8
  4068 | D:5      | Reached skill level 10 in Bows
  4070 | D:5      | Found a blossoming altar of Fedhas.
  4176 | D:5      | Found a staircase to the Ecumenical Temple.
  4182 | Temple   | Entered the Ecumenical Temple
  4246 | Temple   | Became a worshipper of the Shining One
  4293 | D:5      | Reached skill level 1 in Long Blades
  4527 | D:5      | Reached skill level 5 in Dodging
  4945 | D:5      | Found a blossoming altar of Fedhas.
  4948 | D:5      | Found a stormy altar of Qazlal.
  5505 | D:6      | Reached XP level 8. HP: 50/50 MP: 9/9
  5542 | D:6      | Reached * piety under the Shining One
  5567 | D:6      | Reached skill level 5 in Long Blades
  5622 | D:6      | Noticed Menkaure
  5628 | D:6      | Killed Menkaure
  5628 | D:6      | Reached skill level 11 in Bows
  5654 | D:6      | Upgraded the game from 0.19-a0-659-g8260ecf to 0.19-a0-683-g5f2401d
  6033 | D:6      | Reached ** piety under the Shining One
  6774 | D:7      | Noticed Crazy Yiuf
  6778 | D:7      | Killed Crazy Yiuf
  6824 | D:7      | Found a sacrificial altar of Ru.
  6828 | D:7      | Reached XP level 9. HP: 54/54 MP: 10/10
  6970 | D:7      | Found a flagged portal.
  6989 | D:7      | Noticed Prince Ribbit
  7003 | D:7      | HP: 2/54 [killer bee (7)]
  7021 | D:7      | Killed Prince Ribbit
  7056 | Bailey   | Entered a bailey
  7529 | Bailey   | The Shining One protects you from harm!
  7551 | Bailey   | Shot with a bolt by an orc warrior

Vault maps used:
D:1:      scummos_arrival_simple_crosswalls, hangedman_abyss_or_decor_stabs,
          minmay_splitting_lines, minmay_shallow_snake_nest
D:2:      first_bread
D:3:      nicolae_overflow_hidden_temple, grunt_ministairs_6
D:4:      nicolae_overflow_crystal_walls, portal_sewer_entry_f, serial_shops,
          kennysheep_mini, minmay_misc_feat_x, uniq_eustachio, uniq_robin
D:5:      grunt_temple_overflow_forces_of_nature, temple_statues,
          fedhas_bush_and_centaur_altar
D:6:      uniq_menkaure
D:7:      old_standard_altar, nicolae_ru_great_annihilating_truth,
          kennysheep_little_box, enter_bailey_8, basic_altar, uniq_duvessa,
          uniq_prince_ribbit1, uniq_crazy_yiuf_cottage
Temple:   circular_temple_12
Sewer:    sewer_co_purgy_island
Bailey:   bailey_polearm_2, bailey

Skill      XL: |  1  2  3  4  5  6  7  8  9 |
---------------+----------------------------+-----
Bows           | 6 7 8 9 10 11 | 11.8
Dodging        | 3 4 5 6 7 |  7.3
Long Blades    | 4 7 8 |  8.4
Fighting       | |  2.0
Stealth        | |  1.1

Action                   |  1- 3 |  4- 6 |  7- 9 || total
-------------------------+-------+-------+-------++-------
Melee: Short sword       |    64 |   149 |     1 ||   214
       Falchion          |       |       |    29 ||    29
       Scimitar          |       |       |    82 ||    82
 Fire: Shortbow          |    59 |    74 |   248 ||   381
Evoke: Wand              |       |       |     2 ||     2
  Use: Scroll            |       |     5 |     5 ||    10
       Potion            |       |     5 |     3 ||     8
 Stab: Sleeping          |     1 |     2 |       ||     3
  Eat: Chunk             |     2 |     6 |    10 ||    18
       Pizza             |       |     1 |     2 ||     3
Armor: Leather armour    |    22 |    25 |    45 ||    92
       Skin              |       |   212 |    10 ||   222
Dodge: Dodged            |    71 |   118 |   176 ||   365
